I am angry coz of how stupid I was, but it is going to be great to watch.

Match 24855664
End
Kettenkrad Recon Vehicle
Selects Italian Coastal Battlegroup
Selects Coastal Reserves
Coastal Reserve
Coastal Reserve
Coastal Reserve
Construct Infanterie Kompanie
Selects Support Bunkers
Medical Bunker
Construct Luftwaffe Kompanie
Flak 30 Anti-aircraft Gun Team
Selects Artillery Officer
Flak 30 Anti-aircraft Gun Team
Medical Bunker
Selects Coastal Wall
Selects Designated Artillery Overwatch
Designated Artillery Overwatch
221 Scout Car
MG 42 Bunker
Construct Panzer Kompanie
Anti-tank Bunker
Anti-tank Bunker
Selects Bulwark
Repair Bunker
Panzer IV Medium Tank
Panzer Officer Quarters
Designated Artillery Overwatch
MG 42 Bunker
Artillery Officer
Anti-tank Bunker
Panzer IV Medium Tank
Anti-tank Bunker
Medical Bunker
Repair Bunker
Designated Artillery Overwatch
Designated Artillery Overwatch
Support Elements
DanceFKRdance
Zuntew
0
0

Comments sign in to comment!

Zuntew [U] 8 months ago

If only I used smoke on the base HMG bunker and drop muni earlier to have for satchel :P It would be even closer one.